Map: Lerilak Crest

Players

Psycobabar - Winner!

  • Race: Zerg Zerg
  • League: Gold

capac

  • Race: Terran Terran
  • League: Gold

VOD

Have the link to the VOD?

Description

Time

  • Played on: March 21, 2016, 2:12 p.m.
  • Length: 19:57
Show
View Real Time Build Order
Export as new Build Order

Psycobabar Zerg - Winner!

Build Orders: Pool First, Zergling Baneling 

Get SALT Encoding   

  12  0:01  Drone  
  13  0:12  Overlord  
  13  0:20  Drone  
  14  0:31  Drone x2  
  16  0:43  Spawning Pool  
  16  0:47  Extractor  
  16  0:48  Drone  
  15  0:59  Drone x2  
  17  1:13  Drone  
  18  1:18  Overlord  
  18  1:35  Zergling x2  
  18  1:36  Queen  
  21  1:51  Zergling x4  
  23  2:04  Baneling Nest  
  23  2:08  Metabolic Boost  
  22  2:11  Zergling x2  
  23  2:19  Zergling x2  
  24  2:30  Zergling x2  
  24  2:34  Hatchery  
  24  2:35  Zergling x2  
  25  2:46  Zergling x8  
  29  2:54  Baneling  
  29  2:55  Baneling  
  29  3:07  Zergling x2  
  30  3:13  Baneling x2  
  30  3:17  Overlord  
  30  3:21  Overlord  
  30  3:35  Queen  
  28  3:54  Zergling x8  
  28  3:55  Zergling x2  
  27  3:59  Zergling x2  
  27  4:00  Zergling x4  
  29  4:04  Queen  
  29  4:06  Drone  
  30  4:40  Baneling  
  30  4:41  Baneling x3  
  30  4:42  Zergling x8  
  30  4:43  Zergling x8  
  39  5:00  Zergling x6  
  34  5:23  Zergling x10  
  34  5:24  Zergling x6  
  42  5:29  Drone  
  42  5:33  Baneling  
  42  5:34  Baneling  
  42  5:35  Baneling x2  
  43  5:41  Zergling x2  
  44  5:56  Baneling x3  
  44  5:57  Baneling x2  
  44  5:58  Baneling  
  44  6:02  Drone x3  
  47  6:05  Drone  
  46  6:27  Drone x3  
  46  6:28  Drone x3  
  46  6:29  Overlord  
  52  6:37  Evolution Chamber  
  52  6:39  Extractor  
  50  6:42  Drone  
  51  6:49  Drone x2  
  51  6:50  Drone x2  
  55  7:00  Drone x3  
  58  7:04  Zerg Ground Armor Level 1  
  58  7:11  Spore Crawler  
  58  7:15  Spore Crawler  
  56  7:17  Spore Crawler  
  56  7:18  Spore Crawler  
  56  7:21  Drone x2  
  56  7:29  Lair  
  56  7:45  Zergling x4  
  56  7:49  Zergling x4  
  47  8:23  Drone x5  
  52  8:38  Queen  
  54  8:49  Zergling x2  
  54  8:50  Drone x4  
  54  8:54  Overlord x2  
  54  8:55  Hatchery, Overlord x2  
  58  8:59  Extractor  
  55  9:29  Drone  
  55  9:30  Drone x3  
  55  9:31  Drone  
  60  9:38  Spire  
  59  9:40  Extractor  
  49  10:18  Baneling  
  49  10:19  Baneling x2  
  48  10:22  Drone x2  
  49  10:54  Mutalisk x3  
  49  10:55  Mutalisk x6  
  66  11:07  Drone  
  67  11:11  Drone  
  67  11:12  Drone x2  
  67  11:13  Mutalisk  
  72  11:21  Mutalisk  
  74  11:33  Infestation Pit  
  73  11:43  Mutalisk  
  75  11:54  Mutalisk  
  77  12:05  Roach Warren  
  77  12:07  Mutalisk  
  78  12:09  Zergling x10  
  78  12:10  Zergling x6  
  82  12:40  Zergling x8  
  82  12:41  Zergling x6  
  89  12:44  Zergling x6  
  89  12:45  Zergling x10  
  89  12:47  Overlord x4  
  89  13:21  Zergling x8  
  89  13:22  Zergling x10  
  89  13:23  Zergling x6  
  101  13:33  Zerg Melee Weapons Level 1  
  101  13:34  Hive  
  101  13:39  Extractor  
  100  13:41  Extractor  
  99  14:20  Zergling x2  
  99  14:21  Zergling x8  
  99  14:22  Zergling x12  
  110  14:32  Hatchery  
  105  14:50  Baneling x3  
  105  14:51  Baneling x5  
  105  14:52  Baneling  
  103  15:00  Zergling x4  
  103  15:01  Zergling x8  
  103  15:02  Baneling x3  
  103  15:03  Baneling  
  109  15:10  Ultralisk Cavern  
  109  15:12  Evolution Chamber  
  109  15:14  Baneling x3  
  107  15:27  Zergling x4, Overlord x3  
  107  15:28  Overlord  
  109  15:29  Drone x4  
  109  15:30  Drone x2  
  115  15:48  Extractor  
  114  15:50  Extractor  
  114  15:51  Baneling x3  
  114  15:55  Centrifical Hooks  
  114  15:56  Chitinous Plating  
  113  15:59  Zerg Melee Weapons Level 2  
  113  16:00  Zerg Ground Armor Level 2  
  113  16:03  Ultralisk  
  113  16:04  Ultralisk  
  125  16:11  Zergling x2  
  125  16:12  Zergling x12  
  125  16:13  Zergling x10  
  125  16:14  Zergling x10  
  133  16:47  Ultralisk  
  133  16:49  Ultralisk  
  133  16:53  Drone  
  152  17:15  Ultralisk  
  152  17:22  Drone x3  
  155  17:23  Drone  
  154  17:58  Ultralisk  
  154  17:59  Ultralisk  
  157  18:10  Baneling x2  
  157  18:12  Overlord x2  
  157  18:18  Drone x3  
  172  18:48  Ultralisk x2  
  130  19:16  Ultralisk  
  130  19:17  Ultralisk  
  142  19:30  Drone x2  
  142  19:31  Drone x5  
Show
View Real Time Build Order
Export as new Build Order

capac Terran 

Build Orders:  

Get SALT Encoding   

  12  0:00  SCV  
  13  0:13  SCV  
  14  0:17  Supply Depot  
  14  0:25  SCV  
  15  0:39  SCV  
  15  0:40  Barracks  
  16  0:45  Refinery  
  16  0:51  SCV  
  17  1:03  SCV  
  18  1:15  SCV  
  19  1:27  SCV  
  19  1:30  Reaper  
  21  1:35  Command Center  
  21  1:45  Orbital Command  
  21  2:04  Barracks Reactor  
  21  2:07  Supply Depot  
  21  2:11  SCV  
  22  2:21  Barracks  
  22  2:29  SCV  
  21  2:42  Marine x2  
  22  2:51  Command Center  
  22  3:02  Marine x2  
  24  3:08  Factory  
  24  3:10  Marine  
  25  3:16  Bunker  
  25  3:24  Marine x2  
  27  3:28  Marine  
  27  3:30  Barracks  
  28  3:59  Factory Tech Lab  
  28  4:02  Supply Depot, Marine x3  
  28  4:03  Refinery  
  28  4:05  Supply Depot  
  31  4:20  Bunker  
  29  4:42  Siege Tank  
  29  4:45  Supply Depot  
  32  4:47  Barracks Tech Lab  
  32  4:48  Marine x3  
  23  5:24  Marine x2  
  23  5:27  Starport  
  25  5:30  Supply Depot, Engineering Bay  
  25  5:39  Marine  
  26  5:49  Siege Tank  
  29  5:54  Stimpack  
  28  6:25  Marine x3  
  30  6:37  Bunker  
  30  6:41  Marine  
  30  6:43  Marine, SCV  
  30  6:44  Medivac  
  35  6:54  Marine x2  
  37  7:01  Siege Tank  
  37  7:07  Marine x2  
  42  7:12  Marine  
  43  7:27  Marine x2  
  43  7:28  Marine  
  46  7:30  Marine  
  46  7:34  Command Center  
  47  7:44  SCV  
  47  7:45  Marine x3  
  47  7:47  Marine  
  52  7:56  SCV  
  53  8:19  Siege Tank  
  52  8:20  Marine x4  
  52  8:23  Starport Reactor  
  52  8:25  Terran Infantry Weapons Level 1  
  50  9:10  Liberator x2  
  50  9:24  Marine x4  
  53  10:23  Marine  
  53  10:24  Marine x3  
  53  10:25  Command Center  
  57  10:38  Orbital Command  
  57  10:41  Terran Infantry Armor Level 1, Marine x2  
  57  10:42  Marine x2  
  59  10:59  Marine x3  
  59  11:00  Marine  
  63  11:17  Marine x3  
  66  11:18  SCV  
  67  11:34  Combat Shields  
  67  11:35  Marine  
  67  11:36  Marine  
  67  11:38  Barracks Reactor  
  69  11:44  SCV x2  
  71  11:56  SCV  
  71  12:00  Siege Tank  
  75  12:19  Bunker  
  75  12:22  Missile Turret  
  75  12:26  Missile Turret x3  
  62  12:41  Medivac x2  
  66  13:02  Liberator  
  65  13:17  Marine x4  
  65  13:18  Marine  
  73  13:31  SCV x2  
  73  13:32  Refinery x2  
  75  13:35  Marine x3  
  78  13:50  Missile Turret  
  78  14:00  Supply Depot  
  78  14:11  Marine x3  
  78  14:12  SCV x2, Medivac  
  78  14:14  Missile Turret  
  85  14:24  SCV x2  
  87  14:30  Barracks Tech Lab  
  87  14:36  SCV x2  
  80  15:08  Marine x4  
  84  15:20  Supply Depot  
  84  15:31  Marine  
  84  15:32  Marine x3  
  84  15:33  Marine  
  89  15:36  Medivac  
  91  15:44  Supply Depot  
  91  15:56  Marine  
  91  15:57  Marine x4  
  96  16:06  Medivac  
  96  16:09  Medivac  
  100  16:14  Marine x2  
  100  16:15  Marine x2  
  100  16:16  SCV x2  
  106  16:43  Marine x4  
  110  16:50  Marine  
  111  17:00  Marine  
  111  17:01  Marine, Liberator  
  113  17:16  Siege Tank  
  119  17:24  SCV x2  
  121  17:36  SCV  
  122  17:44  Marine x4  
  122  17:47  Marine  
  124  18:01  Marine  
  112  18:08  Siege Tank  
  115  18:15  Marauder, Command Center  
  115  18:17  Concussive Shells  
  117  18:26  SCV  
  118  18:31  Supply Depot  
  118  18:37  Orbital Command  
  60  19:13  Marine  
  60  19:14  Marine x4  
  65  19:31  Marine  
Tags
 
Add a new tag
Caveats
  • Supply blocks, unpowered buildings, or Contaminate may cause inaccurate times.
  • Supply counts are checked every 10 seconds.